cohdb
Replays
Latest Replays
All Replays
Popular Replays
Top Player Replays
Match Explorer
How It Works
Community
CoH3 Stats
Reddit
Sign in to upload your games and track your stats! →
Sign in with Steam
Match 42643002
Unlisted
Match 42643002
Overview
Messages
Build Orders
End
Kradschützen Motorcycle Team
Panzerpioneer Squad
250 Light Carrier
Selects Panzerjäger Kommand Battlegroup
Construct Light Support Kompanie
Selects Mine Fields
MG34 Team
Fire Support Elements
Selects Tank Busters
Panzerjäger Squad
Assault Grenadier Squad
Flakvierling Half-track
Assault Mechanized Group
Vehicle Survival Package
Panzerjäger Squad
mongman
ConcernedApe
Alstreim
정청
0
0
Comments
sign in to comment!
No comments posted yet!